 Dungeon Crawl Stone Soup version 0.21.1-1-g345015f (webtiles) character file.

147 Fang the Skirmisher (level 5, -8/49 HPs)
             Began as a Gargoyle Berserker on May 7, 2018.
             Was a Believer of Trog.
             Killed by divine providence
             ... invoked by an orc priest
              (13 damage)
             ... on level 3 of the Dungeon.
             The game lasted 00:02:16 (2708 turns).

Fang the Skirmisher (Gargoyle Berserker)            Turns: 2708, Time: 00:02:17

Health: -8/49      AC:  7    Str: 27    XL:     5   Next: 29%
Magic:  5/5        EV: 12    Int:  7    God:    Trog [**....]
Gold:   85         SH:  0    Dex:  9    Spells: 4/4 levels left

rFire    . . .     SeeInvis .   m - +1 hand axe (chop)
rCold    . . .     Gourm    .   (no shield)
rNeg     + . .     Faith    .   b - +1 animal skin
rPois    ∞         Spirit   .   (no helmet)
rElec    +         Reflect  .   (no cloak)
rCorr    .         Harm     .   (no gloves)
MR       .....                  (no boots)
Stlth    ..........             (no amulet)
HPRegen  0.16/turn              (no ring)
MPRegen  0.09/turn              (no ring)

@: berserking (expiring), very quick
A: negative energy resistance 1, electricity resistance, unbreathing,
petrification resistance, rot immunity, AC +4
a: Berserk, Trog's Hand, Burn Spellbooks, Renounce Religion


You were on level 3 of the Dungeon.
You worshipped Trog.
Trog was pleased with you.
You were hungry.

You visited 1 branch of the dungeon, and saw 3 of its levels.

You collected 85 gold pieces.

Inventory:

Hand Weapons
 h - a +2 whip of draining
 m - a +1 hand axe of chopping (weapon)
Armour
 b - a +1 animal skin (worn)
Potions
 g - a potion of curing
Comestibles
 c - 3 rations
 l - a chunk of flesh


   Skills:
 + Level 4.1 Fighting
 + Level 3.8(3.9) Axes
 + Level 0.9(2.8) Maces & Flails
 + Level 2.6 Armour
 + Level 2.5 Dodging
 + Level 0.7 Stealth


You had 4 spell levels left.
You didn't know any spells.

Dungeon Overview and Level Annotations

Branches:
Dungeon (3/15)

Altars:
Okawaru
Qazlal
Vehumet
Yredelemnul


Innate Abilities, Weirdness & Mutations

You are resistant to torment.
Your stone body is resilient. (AC +4)
You are immune to poison.
You resist negative energy. (rN+)
You are resistant to electric shocks. (rElec)
You can survive without breathing.
You are immune to petrification.
You are immune to rotting.


Message History

You slash the orc!
You kill the orc!
Trog accepts your kill.
You barely miss the orc priest.
The orc priest is heavily wounded.
The orc priest hits you with a whip of venom.
* * * LOW HITPOINT WARNING * * *
You hit the orc priest.
The orc priest is almost dead.
The orc priest barely misses you.
You closely miss the orc priest.
The orc priest is almost dead.
You closely miss the orc priest.
The orc priest is almost dead.
The orc priest completely misses you.
You closely miss the orc priest.
The orc priest is almost dead.
The orc priest mumbles some strange prayers to Beogh against you.
Beogh smites you!
You die...

#####.#.##.....
#.#.##.....
##'#.......#
#.....######
#####.....'..... .
#.........######
... #.##......#
.....####.##......#
.....oo@..##......#
####
.....#######..[.<.#
#... ... ##.....#
#.## . ####### #.#.
#.#. #.#. #.#. #.#.
#.#.


You could see an orc priest and an orc.

Vanquished Creatures
  Natasha (twice) (D:3)
  Terence (D:3)
  2 adders (D:2)
  2 worms (D:2)
  6 orcs (D:3)
  5 hobgoblins
  3 jackals (D:3)
  6 kobolds
  2 quokkas (D:3)
  A ball python (D:3)
  4 bats
  2 frilled lizards
  6 goblins
  3 rats
45 creatures vanquished.

Notes
Turn   | Place    | Note
-------+----------+-------------------------------------------
     0 | D:1      | Fang the Gargoyle Berserker began the quest for the Orb.
     0 | D:1      | Reached XP level 1. HP: 14/14 MP: 1/1
   404 | D:1      | Reached XP level 2. HP: 19/19 MP: 2/2
   887 | D:2      | Found an iron altar of Okawaru.
   920 | D:2      | Reached XP level 3. HP: 22/23 MP: 3/3
  1200 | D:2      | Reached ** piety under Trog
  1410 | D:2      | Found a stormy altar of Qazlal.
  1412 | D:2      | Found a radiant altar of Vehumet.
  1567 | D:3      | Found a basalt altar of Yredelemnul.
  1670 | D:3      | Noticed Natasha
  1680 | D:3      | Killed Natasha
  1680 | D:3      | Reached XP level 4. HP: 14/29 MP: 4/4
  2098 | D:3      | Found a faded altar of an unknown god.
  2224 | D:3      | Noticed Natasha
  2239 | D:3      | Killed Natasha
  2499 | D:3      | Noticed Terence
  2521 | D:3      | Killed Terence
  2521 | D:3      | Reached skill level 4 in Fighting
  2521 | D:3      | Reached XP level 5. HP: 16/33 MP: 5/5
  2708 | D:3      | Killed from afar by an orc priest

Skill      XL: |  1  2  3  4 |
---------------+-------------+-----
Axes           | 3 |  3.8
Dodging        | 2 |  2.5
Fighting       | 4 |  4.1
Maces & Flails | |  0.9
Armour         | |  2.6
Stealth        | |  0.7

Action                   |  1- 3 |  4- 6 || total
-------------------------+-------+-------++-------
Melee: Hand axe          |    79 |    16 ||    95
       Whip              |    36 |    50 ||    86
Invok: Berserk           |     2 |     3 ||     5
  Use: Scroll            |       |     6 ||     6
  Eat: Chunk             |     3 |     7 ||    10
Armor: Animal skin       |    31 |    27 ||    58
Dodge: Dodged            |    59 |    46 ||   105
